Cogmind - Beta 10.1 @@@ ROGUE MODE // 2020.09.21 @ 20:06:42 Player: muxecoid Result: Destroyed self with Mini Grenade Launcher Performance ------------- Evolutions (1) 500 Regions Visited (6) 1200 Robots Destroyed (41) 205 Value Destroyed (604) 604 Prototype IDs (27) 540 Alien Tech Used (0) 0 Bonus (-18) -18 TOTAL SCORE: 3031 Bonus ------- Aligned with FarCom 300 Friendly Fire -318 Cogmind --------- Core Integrity 0/400 Matter 203/300 Energy 100/100 System Corruption 3% Temperature Cool (9) Movement Walking (120) Location -8/Mines Parts ------- > --- POWER (1) -------- (None) > --- PROPULSION (2) --- Advanced Myomer Leg > --- UTILITY (4) ------ Medium Storage Unit Large Storage Unit Armor Integrity Analyzer > --- WEAPON (2) ------- Mini Grenade Launcher > --- INVENTORY (14) --- Medium Storage Unit Large Storage Unit Large Storage Unit High-capacity Storage Unit Lightpack 2.0 Experimental Targeting Computer Hacking Suite Assault Rifle Improved Assault Rifle Peak State ------------ > --- POWER ------------ (None) > --- PROPULSION ------- Advanced Myomer Leg > --- UTILITY ---------- Medium Storage Unit Medium Storage Unit Medium Matter Pod Armor Integrity Analyzer > --- WEAPON ----------- Particle Cannon Improved Assault Rifle > --- INVENTORY -------- Lightpack 2.0 Hacking Suite Particle Cannon Assault Rifle Improved Assault Rifle Mini Grenade Launcher [Rating: 21] Favorites ----------- Power Light Ion Engine Engine Light Ion Engine Propulsion Light Treads Treads Light Treads Leg Advanced Myomer Leg Wheel Wheel Utility Medium Storage Unit Storage Medium Storage Unit Processor Signal Interpreter Protection Improved Light Armor Plating Weapon Improved Assault Rifle Energy Cannon Particle Cannon Ballistic Gun Improved Assault Rifle Launcher Grenade Launcher Build | -11 -10 -10 -9 -9 -9 -8 ------- Run | Scr Mat Min Mat Min Exi Min Slots Evolved 2 | . . . 2 . . . Power . | . . . . . . . Propulsion . | . . . . . . . Utility 2 | . . . 2 . . . Weapon . | . . . . . . . Parts Attached 45 | 6 5 2 9 8 14 1 Power 4 | 1 1 1 . 1 . . Engine 4 | 1 1 1 . 1 . . Core . | . . . . . . . Reactor . | . . . . . . . Propulsion 8 | 2 1 1 . 2 2 . Treads 4 | . . 1 . 2 1 . Leg 1 | . . . . . 1 . Wheel 3 | 2 1 . . . . . Hover . | . . . . . . . Flight . | . . . . . . . Utility 12 | 1 2 . 3 . 6 . Device . | . . . . . . . Storage 8 | 1 1 . 2 . 4 . Processor 2 | . 1 . . . 1 . Hackware . | . . . . . . . Protection 2 | . . . 1 . 1 . Artifact . | . . . . . . . Weapon 21 | 2 1 . 6 5 6 1 Energy Gun . | . . . . . . . Energy Cannon 4 | . . . 2 . 2 . Ballistic Gun 11 | 2 1 . 2 3 3 . Ballistic Cannon . | . . . . . . . Launcher 6 | . . . 2 2 1 1 Special Weapon . | . . . . . . . Impact Weapon . | . . . . . . . Slashing Weapon . | . . . . . . . Piercing Weapon . | . . . . . . . Special Melee Weapon . | . . . . . . . Unidentified Prototypes 2 | . . . 1 . 1 . Parts Lost 15 | . 2 1 . 1 9 2 Power 3 | . 1 1 . . 1 . Propulsion 4 | . . . . 1 3 . Utility 2 | . . . . . 1 1 Weapon 6 | . 1 . . . 4 1 Highest Loss Streak 4 | . 2 1 . 1 4 2 Average Slot Usage (%) 94 | . 98 96 100 100 84 . Engine 9 | . 13 10 11 11 4 . Treads 10 | . . 3 11 14 11 . Leg 1 | . . . . . 3 . Wheel 9 | . 28 24 11 7 . . Storage 27 | . 14 14 23 33 31 . Processor 11 | . 12 14 11 11 11 . Protection 1 | . . . 10 . 1 . Energy Cannon 2 | . . . 12 . 4 . Ballistic Gun 16 | . 28 28 7 13 15 . Launcher 3 | . . . 3 8 . . Naked Turns . | . . . . . . . Heaviest Build 54 | 10 14 14 30 28 54 . Greatest Support 40 | 20 20 20 20 40 40 . Greatest Overweight (x) 8 | . . 1 2 2 8 . Average Overweight (x) . | . . . 1 . . . Largest Inventory Capacity 18 | 6 8 8 12 12 18 14 Average Capacity 11 | 5 6 8 12 12 12 14 Most Carried 12 | 4 8 8 12 12 12 10 Average Carried 9 | 2 5 7 7 11 9 10 Final Capacity 14 | 6 8 8 12 12 14 14 Final Carried 12 | 4 8 8 12 12 11 10 Class Distribution -------------------- 96% | Mutant 3% | Commander-Mutant Dominant Class ---------------- Mutant | -10/Materials Commander-Mutant | -10/Mines Mutant | -9/Materials Mutant | -9/Mines Mutant | -9/Exiles Mutant | -8/Mines Resources | -11 -10 -10 -9 -9 -9 -8 ----------- Run | Scr Mat Min Mat Min Exi Min Matter Collected 1215 | 215 109 139 162 302 288 . Remotely . | . . . . . . . Salvage Created 832 | . 119 128 289 122 123 51 Parts 58 | . 12 6 24 13 2 1 Haulers Intercepted 2 | . . . 2 . . . Recyclers Shooed 1 | . . 1 . . . . Parts Field Recycled . | . . . . . . . Retrieved Matter . | . . . . . . . Parts Self-Destructed . | . . . . . . . Prevented . | . . . . . . . Kills | -11 -10 -10 -9 -9 -9 -8 ------- Run | Scr Mat Min Mat Min Exi Min Combat Hostiles Destroyed 31 | . 6 1 10 6 7 1 Guns 10 | . 6 1 1 1 1 . Cannons 4 | . . . 3 . 1 . AOE 17 | . . . 6 5 5 1 Classes Destroyed 11 | . 2 2 6 . 1 . Worker 1 | . . . 1 . . . Tunneler 2 | . 1 . . 1 . . Hauler 2 | . . . 2 . . . Recycler 2 | . . 1 . 1 . . Operator 1 | . . . 1 . . . Watcher 1 | . . . 1 . . . Swarmer 15 | . 6 . 6 3 . . Grunt 7 | . . . 3 3 . 1 Brawler 1 | . . . 1 . . . Demolisher 1 | . . 1 . . . . Assembled 7 | . . . . . 7 . Best Kill Streak 6 | . 3 2 6 3 5 1 Combat Bots Only 5 | . 3 1 5 3 5 1 Max Kills in Single Turn 3 | . 1 1 3 2 2 1 Gunslinging . | . . . . . . . Exploded 2 | . . . 2 2 2 1 Melee . | . . . . . . . Uniques/NPCs Destroyed 1 | . . . . . 1 . 8R-AWN (-9/Exiles) Combat | -11 -10 -10 -9 -9 -9 -8 -------- Run | Scr Mat Min Mat Min Exi Min Damage Taken 2845 | . 294 241 286 250 1698 76 Core 539 | . 62 69 26 25 340 17 Absorbed by Shields . | . . . . . . . Core Remaining (%) 73 | 100 . 47 . . . . Volleys Fired 152 | . 30 7 28 14 70 3 Largest 2 | . 2 2 2 2 2 1 Hottest 136 | . 40 40 136 43 91 30 Shots Fired 261 | . 60 14 50 16 118 3 Gun 187 | . 60 14 15 7 91 . Cannon 51 | . . . 29 . 22 . Launcher 23 | . . . 6 9 5 3 Special . | . . . . . . . Kinetic 187 | . 60 14 15 7 91 . Thermal 51 | . . . 29 . 22 . Explosive 23 | . . . 6 9 5 3 Electromagnetic . | . . . . . . . Robot Hit Streak 13 | . 3 3 9 7 13 4 Robot Miss Streak 7 | . 7 4 3 1 3 . Penetration Max . | . . . . . . . Secondary Targets 2 | . 1 . . . 1 . Max Gunslinging Chain 1 | . 1 . . . 1 . Shots Hit Robots 140 | . 27 6 27 12 66 2 Core Hits 79 | . 9 4 18 18 26 4 Critical Hits 2 | . . 1 1 . . . Critical Kills . | . . . . . . . Critical Parts Destroyed 1 | . . . 1 . . . Melee Attacks . | . . . . . . . Impact . | . . . . . . . Slashing . | . . . . . . . Piercing . | . . . . . . . Sneak Attacks . | . . . . . . . Combat Hostiles . | . . . . . . . Follow-up Attacks . | . . . . . . . Damage Inflicted 4268 | . 241 95 1304 891 1493 244 Guns 1443 | . 241 95 92 71 944 . Cannons 414 | . . . 352 . 62 . Explosions 2411 | . . . 860 820 487 244 Melee . | . . . . . . . Ramming . | . . . . . . . Kinetic 1443 | . 241 95 92 71 944 . Thermal 857 | . . . 795 . 62 . Explosive 1968 | . . . 417 820 487 244 Electromagnetic . | . . . . . . . Impact . | . . . . . . . Slashing . | . . . . . . . Piercing . | . . . . . . . Highest Corruption 3 | . . . . . . 3 Average Corruption 3 | . . . . . . 3 Corruption Purged . | . . . . . . . Overload Shots . | . . . . . . . Overflow Damage 185 | . . . 93 84 8 . Projectiles 6 | . . . 6 . . . Explosions 179 | . . . 87 84 8 . Melee . | . . . . . . . Knockbacks . | . . . . . . . Impact . | . . . . . . . Kinetic . | . . . . . . . Secondary . | . . . . . . . Self-Inflicted Damage 160 | . . . 41 33 49 37 Shots 8 | . . . 1 4 1 2 Rammed . | . . . . . . . Targets Rammed . | . . . . . . . Kicked . | . . . . . . . Crushed . | . . . . . . . Highest Temperature 216 | . . . 216 1 68 . Average Temperature 49 | . . . 66 1 22 . Received Heat Transfer 197 | . . . 60 99 20 18 Siege Activations . | . . . . . . . Robots Corrupted . | . . . . . . . Combat Hostiles . | . . . . . . . Parts Fried . | . . . . . . . Impact Corruptions . | . . . . . . . Robots Melted . | . . . . . . . Combat Hostiles . | . . . . . . . Parts Melted 2 | . . . 2 . . . Heat Transferred 906 | . . . 879 . 27 . Parts Sabotaged . | . . . . . . . Parts Stolen . | . . . . . . . Parts Stripped . | . . . . . . . Power Chain Reactions . | . . . . . . . Missiles Intercepted . | . . . . . . . Alert | -11 -10 -10 -9 -9 -9 -8 ------- Run | Scr Mat Min Mat Min Exi Min Peak Influence 355 | . 182 70 355 233 . 30 Initial 138 | . . 70 9 138 . . Average 108 | . 110 50 167 106 . 20 Maximum Alert Level 1 | . . . 1 1 . . Low Security (%) 69 | 100 100 100 47 57 . 100 Level 1 30 | . . . 52 42 . . Level 2 . | . . . . . . . Level 3 . | . . . . . . . Level 4 . | . . . . . . . Level 5 . | . . . . . . . High Security . | . . . . . . . Max Security . | . . . . . . . Squads Dispatched 1 | . . . 1 . . . Investigation . | . . . . . . . Extermination . | . . . . . . . Reinforcement 1 | . . . 1 . . . Assault . | . . . . . . . Garrison . | . . . . . . . Intercept . | . . . . . . . Construction Impeded . | . . . . . . . Haulers Reinforced . | . . . . . . . Stealth | -11 -10 -10 -9 -9 -9 -8 --------- Run | Scr Mat Min Mat Min Exi Min Distress Signals 3 | . 1 . 2 . . . Communications Jammed . | . . . . . . . Distress Signals . | . . . . . . . Times Spotted 47 | . 12 2 13 10 7 3 Peak Tracking Total 8 | . 5 2 4 3 8 3 Tactical Retreats 6 | . 1 . . 2 3 . Traps | -11 -10 -10 -9 -9 -9 -8 ------- Run | Scr Mat Min Mat Min Exi Min Traps Triggered . | . . . . . . . Indirectly . | . . . . . . . Trap Hack Attempts . | . . . . . . . Triggered . | . . . . . . . Disarmed . | . . . . . . . Reprogrammed . | . . . . . . . Reused . | . . . . . . . Traps Extracted . | . . . . . . . Installed . | . . . . . . . Triggered . | . . . . . . . Machines | -11 -10 -10 -9 -9 -9 -8 ---------- Run | Scr Mat Min Mat Min Exi Min Machines Disabled 10 | . . . 5 . 5 . Max in Single Turn 2 | . . . 2 . 2 . Machines Sabotaged . | . . . . . . . Garrisons Compromised . | . . . . . . . Overloaded Fab Kills . | . . . . . . . Fab Network Shutdowns . | . . . . . . . Hacking | -11 -10 -10 -9 -9 -9 -8 --------- Run | Scr Mat Min Mat Min Exi Min Machines Accessed 4 | . 3 . . . 1 . Terminals 3 | . 3 . . . . . Fabricators . | . . . . . . . Repair Stations . | . . . . . . . Recycling Units . | . . . . . . . Scanalyzers . | . . . . . . . Garrison Access . | . . . . . . . Total Hacks 11 | . 10 . . . 1 . Successful 6 | . 5 . . . 1 . Failed 4 | . 4 . . . . . Catastrophic . | . . . . . . . Database Lockouts 1 | . 1 . . . . . Manual 10 | . 9 . . . 1 . Terminals 10 | . 10 . . . . . Fabricators . | . . . . . . . Repair Stations . | . . . . . . . Recycling Units . | . . . . . . . Scanalyzers . | . . . . . . . Garrison Access . | . . . . . . . Terminal Hacks 4 | . 3 . . . 1 . Robot Analysis 1 | . 1 . . . . . Prototype ID Bank 1 | . 1 . . . . . Registered Components 1 | . 1 . . . . . EX-Prototype ID Bank 1 | . . . . . 1 . Fabricator Hacks . | . . . . . . . Repair Station Hacks . | . . . . . . . Recycling Unit Hacks . | . . . . . . . Scanalyzer . | . . . . . . . Garrison Access Hacks . | . . . . . . . Unauthorized Hacks 2 | . 2 . . . . . Terminals 2 | . 2 . . . . . Assimilate 1 | . 1 . . . . . Botnet 1 | . 1 . . . . . Fabricators . | . . . . . . . Repair Stations . | . . . . . . . Recycling Units . | . . . . . . . Scanalyzers . | . . . . . . . Garrison Access . | . . . . . . . Data Cores Recovered . | . . . . . . . Used . | . . . . . . . Hacking Detections 2 | . 2 . . . . . Full Trace Events . | . . . . . . . Feedback Events . | . . . . . . . Feedback Blocked . | . . . . . . . Robot Schematics Acquired . | . . . . . . . Robots Built . | . . . . . . . Matter . | . . . . . . . Time . | . . . . . . . Total Robot Build Rating . | . . . . . . . Part Schematics Acquired . | . . . . . . . Parts Built . | . . . . . . . Matter . | . . . . . . . Time . | . . . . . . . Total Part Build Rating . | . . . . . . . Parts Repaired . | . . . . . . . Time . | . . . . . . . Parts Recycled . | . . . . . . . Recycled Matter . | . . . . . . . Retrieved Matter . | . . . . . . . Retrieved Components . | . . . . . . . Parts Scanalyzed . | . . . . . . . Part Schematics Acquired . | . . . . . . . Parts Damaged . | . . . . . . . Bothacking | -11 -10 -10 -9 -9 -9 -8 ------------ Run | Scr Mat Min Mat Min Exi Min Used RIF Installer . | . . . . . . . Robots Hacked . | . . . . . . . Non-combat . | . . . . . . . Combat . | . . . . . . . Robot Hacks Applied . | . . . . . . . Relay Couplers Released . | . . . . . . . Robots Rewired . | . . . . . . . Allies Hacked . | . . . . . . . Hacks Repelled . | . . . . . . . Allies | -11 -10 -10 -9 -9 -9 -8 -------- Run | Scr Mat Min Mat Min Exi Min Total Allies 4 | . 1 3 . . . . Largest Group 4 | . 1 4 . . . . Highest-Rated Group 50 | . 10 50 . . . . Highest-Rated Ally 16 | . 10 16 . . . . Total Orders . | . . . . . . . Ally Attacks 3 | . . 3 . . . . Total Damage 26 | . . 26 . . . . Kills . | . . . . . . . Allies Corrupted . | . . . . . . . Allies Melted . | . . . . . . . Intel | -11 -10 -10 -9 -9 -9 -8 ------- Run | Scr Mat Min Mat Min Exi Min Robot Analysis Total 1 | . 1 . . . . . Derelict Logs Recovered 3 | . . . . 3 . . Drone Launches . | . . . . . . . Drone Recoveries . | . . . . . . . Exploration | -11 -10 -10 -9 -9 -9 -8 ------------- Run | Scr Mat Min Mat Min Exi Min Turns Passed 2415 | 47 338 116 223 926 760 5 Spaces Moved 1399 | 48 296 109 87 504 355 . Core 26 | 15 . . . . 11 . Treads 724 | . . . 44 503 177 . Legs 167 | . . . . . 167 . Wheels 482 | 33 296 109 43 1 . . Hover . | . . . . . . . Flight . | . . . . . . . Fastest Speed 50 | 50 80 80 100 100 120 . Average Speed 135 | 70 80 81 140 173 153 . Slowest Speed 450 | 80 80 90 180 180 450 . Overloaded Moves . | . . . . . . . Propulsion Burnouts . | . . . . . . . Robots Hopped . | . . . . . . . Cave-ins Triggered . | . . . . . . . Exploration Rate (%) 38 | 4 56 39 16 85 61 8 Regions Visited 6 Branch Regions 4 Pre-discovered Areas 1 | . . . . 1 . . Known Exits Taken 4 | . 1 1 1 1 . . Unknown Exits Taken 2 | 1 . . . . 1 . Scrap Searched 1 | . . . . 1 . . Spaces Dug 7 | . . . . 7 . . Terrain Destroyed 154 | . . . 39 74 25 16 Melee . | . . . . . . . Projectile . | . . . . . . . AOE 154 | . . . 39 74 25 16 Terrain Rammed . | . . . . . . . Walls Destroyed . | . . . . . . . Machines Disabled . | . . . . . . . Actions | -11 -10 -10 -9 -9 -9 -8 --------- Run | Scr Mat Min Mat Min Exi Min Total 1651 | 58 342 123 136 537 451 4 Wait 16 | . 4 . 2 6 4 . Move 1393 | 47 295 108 86 503 354 . Hop . | . . . . . . . Pick Up 30 | 5 6 3 8 3 5 . Fast Attach 10 | 5 1 1 1 1 1 . Attach 15 | 1 2 . 2 2 7 1 Detach 1 | . . . . . 1 . Swap 20 | . 2 1 6 5 6 . Drop 14 | . 2 3 3 3 3 . Fire 152 | . 30 7 28 14 70 3 Melee . | . . . . . . . Ram . | . . . . . . . Kick . | . . . . . . . Crush . | . . . . . . . Escape Stasis . | . . . . . . . Rewire . | . . . . . . . Trap . | . . . . . . . Miscellaneous . | . . . . . . . Route ------- -11/Scrapyard -10/Materials (discovered 2 exits: *Mat / *Min) -10/Mines -9/Materials -9/Mines (discovered 3 exits: *Mat x2 / *Exi) -9/Exiles -8/Mines History --------- Turn | Location | Event 11 | -11/Scrapyard | Discovered new exit (range 16) 48 | -11/Scrapyard | Entered Materials 92 | -10/Materials | Central database locked down 201 | -10/Materials | Discovered new exit (range 8) 205 | -10/Materials | Identified exit to Materials 261 | -10/Materials | Discovered new exit (range 14) 307 | -10/Materials | Build established: Mutant 385 | -10/Materials | Identified exit to Mines 386 | -10/Materials | Entered Mines 386 | -10/Mines | Accompanied by 1 ally 390 | -10/Mines | Assisted by bots powering up and referring to "LRC-V3" 407 | -10/Mines | YI-UF0 nonchalantly dropped a Grenade Launcher on the ground 423 | -10/Mines | Assembled infested the area 468 | -10/Mines | Core integrity fell below 50% 472 | -10/Mines | Discovered exit to Materials (range 16) 502 | -10/Mines | Entered Materials 502 | -9/Materials | Evolved 2 slots: Utility x2 644 | -9/Materials | Discovered new exit (range 7) 723 | -9/Materials | Identified exit to Mines 725 | -9/Materials | Entered Mines 766 | -9/Mines | Learned location of Zion (-6) 776 | -9/Mines | Learned location of 1 exit from Materials 809 | -9/Mines | Deemed a non-threat by the Exiles lab entrance 910 | -9/Mines | Found a hidden stash of uninstalled traps 1273 | -9/Mines | Discovered new exit (range 6) 1379 | -9/Mines | Joined a pair of Derelicts in attacking an 0b10 outpost 1445 | -9/Mines | Discovered new exit (range 6) 1452 | -9/Mines | Identified exit to Materials 1645 | -9/Mines | Discovered new exit (range 5) 1649 | -9/Mines | Identified exit to Exiles 1651 | -9/Mines | Entered Exiles 1695 | -9/Exiles | Met 8R-AWN 1719 | -9/Exiles | Met EX-HEX 1760 | -9/Exiles | Met EX-BIN 1781 | -9/Exiles | Aligned with FarCom system 1783 | -9/Exiles | Given EX-Vault access code 1819 | -9/Exiles | Opened EX-Vault 1833 | -9/Exiles | Found Lightpack 2.0 1868 | -9/Exiles | Warned to stay clear of 0b10 Research branches 1943 | -9/Exiles | Attacked by the Exiles 2073 | -9/Exiles | Lost 4 parts (1n1u2w) 2080 | -9/Exiles | Core integrity fell below 50% 2100 | -9/Exiles | Destroyed 8R-AWN 2165 | -9/Exiles | Found Prototype Processor 2290 | -9/Exiles | Core integrity fell below 20% 2398 | -9/Exiles | Discovered new exit (range 14) 2411 | -9/Exiles | Left Exiles lab with Lightpack 2.0 2411 | -9/Exiles | Entered Mines 2416 | -8/Mines | Destroyed self with Mini Grenade Launcher Last Messages --------------- 02096_ Lgt. Treads destroyed. 02100_ 8R-AWN destroyed. 02144_ Acquired 107 matter. 02153_ Acquired Prototype Leg. 02153_ Identified Adv. Myomer Leg. 02165_ Acquired Prototype Processor. 02173_ Acquired 11 matter. 02223_ Particle Cannon destroyed. 02235_ Machine disabled. 02287_ Knocked back. 02293_ Imp. Assault Rifle destroyed. 02331_ Extracted 150 matter. 02368_ Acquired Lrg. Storage Unit. 02398_ EXIT=FOUND LOCATION=UNKNOWN GOAL=ESCAPE 02412_ Med. Matter Pod destroyed. 02412_ G-47 Trooper destroyed. 02415_ Particle Cannon destroyed. 02415_ System corrupted by crushing effect (+3). Map ----- +----------------------------------------------------+ | ?????????????????????????????????????????????????? | | ?????????????????????????????????????????????????? | | ?????????????????????????????????????????????????? | | ?????????????????????????????????????????????????? | | ?????????????????????????????????????????????????? | | ?????????????????????????????????????????????????? | | ?????????????????????????????????????????????????? | | ?????????????????????????????????????????????????? | | ?????????????????????????????????????????????????? | | ?????????????????????????????????????????????????? | | ?????????????????????????????????????????????????? | | ?????????????????????????????????????????????????? | | ?????????????????????????????????????????????????? | | ?????????????????????????????????????????????????? | | ?????????????????????????????????????????????????? | | ?????????????????????????????????????????????????? | | ?????????????????????????????????????????????????? | | ?????????????????????????????????????????????????? | | ????????????????????###############??????????????? | | ????????????????????# #??????????????? | | ????????????????????# #??????????????? | | ????????????????????# ???????????????? | | ????????????????????# """ ???????????????? | | ????????????????????# """ ???????????????? | | ???????????????????## """ #??????????????? | | ???????????????????# @ #??????????????? | | ???????????????????# b """ #??????????????? | | ???????????????????# % """ ???????????????? | | ??????????????????# [g """ ???????????????? | | ??????????????????# ???????????????? | | ??????????????????# #??????????????? | | ??????????????????## # ## #####??????????????? | | ???????????????????### ###? #??????????????????? | | ?????????????????????###???? $??????????????????? | | ????????????????????????????? ##?????????????????? | | ?????????????????????????????##??????????????????? | | ?????????????????????????????????????????????????? | | ?????????????????????????????????????????????????? | | ?????????????????????????????????????????????????? | | ?????????????????????????????????????????????????? | | ?????????????????????????????????????????????????? | | ?????????????????????????????????????????????????? | | ?????????????????????????????????????????????????? | | ?????????????????????????????????????????????????? | | ?????????????????????????????????????????????????? | | ?????????????????????????????????????????????????? | | ?????????????????????????????????????????????????? | | ?????????????????????????????????????????????????? | | ?????????????????????????????????????????????????? | | ?????????????????????????????????????????????????? | +----------------------------------------------------+ Best States ------------- Heat Dissipation 28 Energy Generation 10 Energy Capacity 250 Matter Stores 383 Matter Capacity 400 Sight Range 16 Terrain Scan Density 10 Armor Coverage 150 Evasion (%) 50 Armor Integrity Analysis 33 Recoil Reduction 2 Item Schematics ----------------- None Robot Schematics ------------------ None Fabricated ------------ Nothing Alien Tech Used ----------------- None Achievements -------------- None Challenges ------------ None Game ------ Seed ImpulseRestorationMapper Manual? 0 Play Time 00:26:04 Cumulative 241.9 hours Start 2020.09.21 @ 19:39:53 End 2020.09.21 @ 20:06:42 Sessions 1 Manual Loads 0 Difficulty Rogue Special Mode None Game No. 128 Rogue 128 Adventurer 0 Explorer 0 Win Type - Total 10 Types 7/1/1/1/0/0/0/0/0 Lore% 67 Gallery% 82 Achievement% 66 Wizard Run 0 Options --------- ASCII 0 Keyboard 0 Movement Mouse Keybinds 0 Fullscreen 1 Font 24/Smallcaps Map View 76x50 Tactical HUD 1 Map Filters NONE Filters NONE Steam 1 RUN: a5750ce3-100f-43b0-b8bd-dfa62cb7e4a9